AoeStats
← Juanchoche

Oasis

509400442Analyzed
4v4 RM · 7d ago on Sep 26, 2026· 42m 45s· 8 players
Game mode
Random Map
Map size
Large (8 player)
Population
200
Speed
Normal
Resources
Standard
Victory
Conquest
Starting age
Dark Age
Ending age
Imperial Age
RankedLock teamsTeams togetherTeam positionsShared explorationLock speedFull tech treeHidden civsTurbo modeCheats
Victory
Defeat
🇲🇽 Khmer · Mexico
1555
+14
🇩🇪 Muisca · Germany
1505
+17
🇮🇳 Magyars · India
1484
+17
🇨🇦 Maya · Canada
1458
+18
🇨🇳 Maya · China
1549
-17
🇨🇳 Mongols · China
1520
-17
🇨🇳 Huns · China
1511
-17
🇨🇳 Persians · China
1486
-15
Juanchoche
6:48 Loom
9:13 Feudal Age
11:12 Horse Collar
11:22 Double-Bit Axe
13:46 Wheelbarrow
20:01 Castle Age
18:54 Fletching
19:06 Padded Archer Armor
20:25 Gold Mining
20:02 Crossbowman
20:37 Bodkin Arrow
23:30 Bow Saw
25:50 Stone Mining
28:38 Imperial Age
27:08 Ballistics
27:33 Gold Shaft Mining
31:20 Chemistry
30:37 Arbalester
32:10 Bracer
32:48 Thumb Ring
33:07 Leather Archer Armor
33:13 Pikeman
33:55 Squires
33:56 Scale Mail Armor
34:06 Forging
34:23 Heavy Plow
34:32 Treadmill Crane
36:21 Conscription
37:10 Chain Mail Armor
37:32 Iron Casting
38:52 Capped Ram
Dark_Shelly
6:11 Loom
8:55 Feudal Age
9:25 Double-Bit Axe
11:20 Horse Collar
15:11 Wheelbarrow
17:06 Gold Mining
19:24 Castle Age
20:58 Bow Saw
23:05 Heavy Plow
28:49 Hand Cart
29:37 Fletching
29:47 Padded Archer Armor
30:00 Bloodlines
29:51 Husbandry
30:41 Thumb Ring
33:12 Imperial Age
31:44 Bodkin Arrow
32:04 Leather Archer Armor
32:12 Ballistics
31:56 Stone Mining
33:47 Gold Shaft Mining
33:51 Fervor
34:03 Sanctity
33:21 Heavy Cavalry Archer
35:00 Conscription
34:46 Recurve Bow
35:56 Chemistry
35:24 Bracer
36:22 Ring Archer Armor
36:36 Block Printing
38:54 Illumination
39:07 Theocracy
39:22 Parthian Tactics
41:56 Corvinian Army
42:17 Siege Engineers
CAXCAN
4:44 Loom
12:41 Feudal Age
15:50 Castle Age
14:19 Double-Bit Axe
14:15 Horse Collar
24:23 Heavy Plow
25:00 Bow Saw
26:33 Wheelbarrow
27:44 Hand Cart
27:25 Gold Mining
30:44 Imperial Age
29:36 Ballistics
31:10 Heavy Scorpion
32:02 Double Crossbow
32:54 Gold Shaft Mining
32:41 Siege Engineers
33:38 Chemistry
33:04 Capped Ram
34:11 Siege Ram
34:34 Light Cavalry
35:16 Husbandry
36:27 Conscription
40:35 Scale Barding Armor
39:53 Hussar
40:43 Bloodlines
Nuclear Energy
0:28 Loom
11:02 Feudal Age
17:03 Castle Age
15:40 Double-Bit Axe
16:54 Town Watch
18:40 Gold Mining
20:37 Eagle Warrior
22:28 Arson
25:53 Fletching
26:18 Squires
27:44 Wheelbarrow
28:43 Scale Mail Armor
29:13 Forging
31:33 Horse Collar
32:27 Chain Mail Armor
32:48 Iron Casting
32:28 Bodkin Arrow
32:50 Stone Mining
34:12 Hand Cart
40:07 Imperial Age
38:31 Pikeman
41:28 Halberdier
43:08 Blast Furnace
43:02 Conscription
LUCKY
11:46 Feudal Age
12:46 Double-Bit Axe
15:49 Castle Age
13:38 Horse Collar
16:58 Bow Saw
17:28 Heavy Plow
23:56 Wheelbarrow
24:05 Loom
24:51 Stone Mining
24:51 Gold Mining
25:20 Hand Cart
27:46 Gold Shaft Mining
31:05 Imperial Age
30:16 Bloodlines
30:07 Husbandry
29:27 Light Cavalry
30:10 Marauders
31:34 Elite Tarkan
32:35 Conscription
33:26 Two-Man Saw
32:45 Scale Barding Armor
32:51 Forging
33:14 Coinage
34:23 Caravan
35:33 Chain Barding Armor
38:42 Banking
41:02 Hussar
只会打步弓
6:03 Loom
8:15 Feudal Age
9:55 Double-Bit Axe
9:51 Horse Collar
16:57 Castle Age
19:06 Fletching
25:18 Wheelbarrow
27:20 Bodkin Arrow
27:22 Town Watch
32:00 Imperial Age
30:15 Padded Archer Armor
30:17 Stone Mining
30:19 Gold Mining
31:34 Masonry
32:04 Stone Shaft Mining
32:05 Gold Shaft Mining
32:17 Hand Cart
32:18 Leather Archer Armor
32:25 Ballistics
33:42 Chemistry
33:32 Bracer
34:13 Conscription
34:15 Bow Saw
LY006
0:27 Loom
0:28 Loom
0:39 Loom
11:40 Feudal Age
16:15 Castle Age
14:37 Double-Bit Axe
14:54 Horse Collar
15:31 Stone Mining
17:29 Bow Saw
17:50 Heavy Plow
29:21 Fletching
30:28 Bodkin Arrow
32:31 Caravan
32:48 Fortified Wall
38:10 Imperial Age
38:18 Onager
39:50 Masonry
40:04 Forging
小胖子
10:15 Feudal Age
13:53 Castle Age
12:46 Double-Bit Axe
12:41 Horse Collar
21:12 Wheelbarrow
23:14 Bow Saw
23:08 Heavy Plow
27:45 Imperial Age
25:03 Loom
25:58 Gold Mining
26:34 Scale Barding Armor
26:52 Hand Cart
27:18 Gold Shaft Mining
27:46 Bloodlines
28:07 Chain Barding Armor
27:32 Cavalier
29:41 Plate Barding Armor
29:47 Husbandry
30:00 Caravan
30:33 Forging
33:20 Two-Man Saw
32:19 Town Watch
34:13 Iron Casting
34:00 Conscription
34:38 Guilds
35:00 Coinage
36:25 Blast Furnace
35:04 Savar
36:37 Banking
38:44 Crop Rotation
Connection lost

Rejoining the realm…

Still unreachable

The connection could not be restored.

Session expired

The server has moved on; the page needs a fresh start.